 Dungeon Crawl Stone Soup version 0.29.1-1-gd02db6906a (webtiles) character file.

Game seed: 7728940271748124345

80 Jakudza the Gusty (level 4, 0/24 HPs)
             Began as a Tengu Air Elementalist on Sept 26, 2022.
             Slain by Ijyb
             ... wielding a +0 club
              (2 damage)
             ... on level 3 of the Dungeon.
             The game lasted 00:05:15 (3013 turns).

Jakudza the Gusty (Tengu Air Elementalist)          Turns: 3013, Time: 00:05:16

Health: 0/24       AC:  3    Str:  8    XL:     4   Next: 39%
Magic:  4/9        EV: 12    Int: 18    God:
Gold:   141        SH:  0    Dex: 14    Spells: 7/8 levels left

rFire   . . .      SeeInvis .   c - +0 dagger
rCold   . . .      Faith    .   (no shield)
rNeg    . . .      Spirit   .   a - +1 robe
rPois   .          Reflect  .   (helmet restricted)
rElec   .          Harm     .   (no cloak)
rCorr   .          Rampage  .   (no gloves)
Will    .....                   (boots unavailable)
Stlth   ++........              (no amulet)
HPRegen 0.08/turn               (no ring)
MPRegen 0.11/turn               (no ring)

@: no status effects
A: beak, talons 3
a: no special abilities


You were on level 3 of the Dungeon.
You visited 1 branch of the dungeon, and saw 3 of its levels.

You collected 141 gold pieces.

Inventory:

Hand Weapons
 c - a +0 dagger (weapon)
Armour
 a - a +1 robe (worn)
Jewellery
 d - an amulet of reflection
Scrolls
 g - a scroll of teleportation
 h - a scroll of blinking
Potions
 b - a potion of magic
 e - a potion of degeneration {unknown}
 f - 2 potions of haste


   Skills:
 + Level 0.9 Fighting
 + Level 2.8 Dodging
 - Level 2.1 Stealth
 * Level 2.7 Spellcasting
 + Level 2.4 Conjurations
 * Level 4.9 Air Magic


You had 7 spell levels left.
You knew the following spells:

 Your Spells              Type           Power      Damage    Failure   Level
a - Shock                 Conj/Air       60%        1d6       3%          1

Your spell library contained the following spells:

 Spells                   Type           Power      Damage    Failure   Level
 Static Discharge         Conj/Air       15%        3-5/arc   5%          2
 Swiftness                Air            20%        N/A       7%          3
 Airstrike                Air            10%        2d(2-18)  22%         4


Dungeon Overview and Level Annotations

Branches:
Dungeon (3/15)

Altars:

Annotations:
D:3 Ijyb


Innate Abilities, Weirdness & Mutations

You have a beak for a mouth.
You have claws for feet.


Message History

The zap hits the giant cockroach.
The giant cockroach is moderately wounded.
The zap hits the giant cockroach.
The giant cockroach is heavily wounded.
The zap hits the giant cockroach.
You kill the giant cockroach!
A frilled lizard comes into view.
The zap hits the frilled lizard.
You kill the frilled lizard!
Ijyb the Twisted Goblin comes into view.
She is wielding a +0 club and carrying a wand of iceblast (13).
Ijyb shouts!
You miscast Shock.
You are very lightly contaminated with residual magic.
Nothing appears to happen.
The zap misses Ijyb.
The zap hits Ijyb but does no damage.
The zap hits Ijyb.
Ijyb is lightly wounded.
Ijyb zaps a wand.
The mass of ice explodes!
The iceblast engulfs you!
The zap hits Ijyb.
Ijyb is moderately wounded.
The zap hits Ijyb.
Ijyb is heavily wounded.
The zap misses Ijyb.
Ijyb zaps a wand.
The mass of ice explodes!
The iceblast engulfs you!
* * * LOW HITPOINT WARNING * * *
You are too injured to fight recklessly!
You are too injured to fight recklessly!
Ijyb misses you.
Your magical contamination has completely faded away.
You hit Ijyb but do no damage.
Ijyb is heavily wounded.
Ijyb barely misses you.
You hit Ijyb but do no damage. Your kick misses Ijyb.
Ijyb is heavily wounded.
Ijyb hits you with a +0 club.
* * * LOW HITPOINT WARNING * * *
You hit Ijyb but do no damage. Your kick misses Ijyb.
Ijyb is heavily wounded.
Ijyb hits you with a +0 club.
You die...

#.## #.## #.## #.##
##########.##
###.........>..
#####.........##.##
####.......#####.#....
#...g@.#.### #.#..##
#......#.# #.#....
.........#.# #.#...#
..#......#.# #.#.... .
#......#†# #.#..##
#......#.# #......
########.# ###..## #.#
#....<# #.#####


You could see Ijyb.

Vanquished Creatures
  An adder (D:3)
  A worm (D:2)
  3 dart slugs
  2 endoplasms
  6 giant cockroaches
  6 goblins
  6 hobgoblins
  10 jackals (D:1)
  4 quokkas
  2 ball pythons (D:1)
  3 bats
  2 frilled lizards
  6 kobolds
  4 rats
56 creatures vanquished.

Notes
Turn   | Place    | Note
-------+----------+-------------------------------------------
     0 | D:1      | Jakudza the Tengu Air Elementalist began the quest for the
                  | Orb.
     0 | D:1      | Reached XP level 1. HP: 10/10 MP: 4/4
   374 | D:1      | Reached XP level 2. HP: 15/15 MP: 0/6
   752 | D:1      | Reached XP level 3. HP: 17/20 MP: 0/7
  1644 | D:1      | Found a faded altar of an unknown god.
  2296 | D:2      | Reached XP level 4. HP: 24/24 MP: 5/8
  3003 | D:3      | Noticed Ijyb
  3013 | D:3      | Slain by Ijyb

Illustrated notes

Levels and vault maps discovered:
D:1:      scummos_arrival_checkerplants, layout_basic,
          shapermc_ecumenical_altar_mp_vishouse, palyth_stone_intersect
D:2:      minmay_skewed_foursquare, layout_loops_cross
D:3:      minmay_recursive_quarters, layout_basic, slow_altar_1, serial_shops,
          nicolae_lakefront_shop, feat_on_display, uniq_ijyb

Skill      XL: |  1  2  3 |
---------------+----------+-----
Conjurations   | 2 |  2.4
Fighting       | |  0.9
Dodging        | |  2.8
Stealth        | |  2.1
Spellcasting   | |  2.7
Air Magic      | |  4.9

Action                   |  1- 3 |  4- 6 || total
-------------------------+-------+-------++-------
Melee: Dagger            |    26 |     3 ||    29
       Kick              |     8 |       ||     8
       Peck              |     6 |       ||     6
       Punch             |     1 |       ||     1
 Cast: Shock             |    89 |    33 ||   122
  Use: Scroll            |     7 |     1 ||     8
Armor: Robe              |     6 |       ||     6
Dodge: Dodged            |    34 |     5 ||    39
